 Dungeon Crawl Stone Soup version 0.31-a0-174-g85c54bcb58 (webtiles) character file.

Game seed: 780918261625754766

79 qw the Shooter (level 4, 0/28 HPs)
             Began as a Gargoyle Hunter on June 15, 2023.
             Slain by an ogre
             ... wielding a +0 giant club
              (28 damage)
             ... on level 4 of the Dungeon.
             The game lasted 00:00:36 (2069 turns).

qw the Shooter (Gargoyle Hunter)                    Turns: 2069, Time: 00:00:36

Health: 0/28       AC:  6    Str: 15    XL:     4   Next: 38%
Magic:  4/4        EV: 11    Int:  9    God:
Gold:   139        SH:  0    Dex: 15    Spells: 3/3 levels left

rFire   . . .        Y - +1 shortbow
rCold   . . .        (shield currently unavailable)
rNeg    + . .        c - +0 leather armour
rPois   inf          (no helmet)
rElec   +            (no cloak)
rCorr   .            (no gloves)
SInv    .            (no boots)
Will    +....        d - amulet of faith
Stlth   ++           (no ring)
HPRegen 0.24/turn    (no ring)
MPRegen 0.09/turn

%: faith
@: enlightened, flying (expiring)
A: sickness immunity, AC +3, negative energy resistance 1, electricity
resistance, torment resistance 1, petrification resistance
a: no special abilities


You were on level 4 of the Dungeon.
You visited 1 branch of the dungeon, and saw 4 of its levels.

You collected 139 gold pieces.


Innate Abilities, Weirdness & Mutations

You are immune to sickness and miasma.
Your stone body is resilient. (AC +3)
You are immune to poison.
You resist negative energy. (rN+)
You are resistant to electric shocks. (rElec)
You are resistant to unholy torment.
You are immune to petrification.


   Skills:
 - Level 3.0 Fighting
 + Level 5.4 Ranged Weapons
 - Level 1.5 Dodging
 - Level 1.1 Stealth


You had 3 spell levels left.
You didn't know any spells.
Your spell library was empty.

Inventory:

Hand Weapons
 Y - a +1 shortbow (weapon)
Armour
 c - a +0 leather armour (worn)
Jewellery
 d - an amulet of faith (around neck)
Scrolls
 a - 3 scrolls of enchant armour
 h - a scroll of identify
Potions
 e - 2 potions of curing
 f - a potion of heal wounds {unknown}

Dungeon Overview and Level Annotations

Branches:
Dungeon (4/15)
 Temple: D:4-7

Altars:
Kikubaaqudgha
Nemelex Xobeh
Wu Jian


Message History

Done exploring.
2030 ||| DRINKING 3 glowing pink potions.
It was a potion of curing.
You feel better.
Done exploring.
2031 ||| DRINKING 3 fuming coppery potions.
It was a potion of enlightenment.
You feel very buoyant.
You fly up into the air.
Done exploring.
2032 ||| DROPPING 2 potions of enlightenment.
You drop 2 potions of enlightenment.
Done exploring.
(D) Dungeon
Where to? (* - list waypoints, Enter - D:3, ? - help)
What level of the Dungeon? (default 1, ? - help)
There is a stone staircase leading down here.
You fly downwards.
You hear the sound of rushing water.
There is an entrance to a sewer on this level.
Hurry and find it before the portal rusts away!
There is a stone staircase leading up here.
A ball python is nearby!
Waypoint 3 assigned to D:4.
2050 ||| PLANNING SEWER You shoot an arrow.
The arrow hits the ball python!
You kill the ball python!
Found a potion of enlightenment.
Found a scale mail.
Found a stone staircase leading down.
You now have 139 gold pieces (gained 10).
An ogre comes into view. It is wielding a +0 giant club.
You shoot an arrow. The arrow hits the ogre.
The ogre shouts!
The ogre is lightly wounded.
You are starting to lose your buoyancy.
You shoot an arrow. The arrow barely misses the ogre.
You shoot an arrow. The arrow hits the ogre.
The ogre is moderately wounded.
The ogre hits you with a +0 giant club!!
Ouch! That really hurt!
You die...

.....#.#..####...
#...#.##.#
....#.##.#
#+#....#.##
#..........##
#...##......# #..
+.....#....#
###...###...###..#
......O@.......#...
########.......+[##
##......# #
#...#### #####


You could see an ogre.

Vanquished Creatures
  4 adders
  2 dart slugs (D:2)
  4 bats
  A giant cockroach (D:3)
  3 goblins
  8 hobgoblins
  3 jackals (D:3)
  2 kobolds
  A quokka (D:2)
  4 ball pythons
  3 frilled lizards
  4 rats
39 creatures vanquished.

Notes
Turn   | Place    | Note
-------+----------+-------------------------------------------
     0 | D:1      | qw the Gargoyle Hunter began the quest for the Orb.
     0 | D:1      | Reached XP level 1. HP: 12/12 MP: 1/1
     0 | D:1      | 0 ||| qw: Version: 0.2-a-29-g511e9b1
     0 | D:1      | 0 ||| qw: Game counter: 5166
     0 | D:1      | 0 ||| qw: Always use a shield: true
     0 | D:1      | 0 ||| qw: God list: Okawaru
     0 | D:1      | 0 ||| qw: Allow faded altars: false
     0 | D:1      | 0 ||| qw: Do Orc after D:15 true
     0 | D:1      | 0 ||| qw: Do second Lair branch before Depths: true
     0 | D:1      | 0 ||| qw: Lair rune preference: random
     0 | D:1      | 0 ||| qw: Plans: Normal, Zot:1-4, Slime:5, God:TSO, Crypt,
                  | Tomb, Abyss, Pan, Hells, Win
     0 | D:1      | 0 ||| PLANNING D:1-11
   275 | D:1      | Reached XP level 2. HP: 15/17 MP: 2/2
   835 | D:1      | 835 ||| UPGRADING to amulet of faith.
   840 | D:1      | 840 ||| READING scroll labelled PAOCOR QOULLUO.
   841 | D:1      | 841 ||| DROPPING scroll of butterflies.
   967 | D:2      | Reached skill level 5 in Ranged Weapons
   967 | D:2      | Reached XP level 3. HP: 21/21 MP: 3/3
  1176 | D:2      | Reached skill level 3 in Fighting
  1314 | D:2      | 1314 ||| READING 3 scrolls labelled IMMOYCK WIAR.
  1315 | D:2      | 1315 ||| READING scroll labelled ZOIRIE IKLADARR.
  1316 | D:2      | 1316 ||| READING scroll labelled KEDWIA VUDGHA RAHU.
  1317 | D:2      | 1317 ||| READING scroll labelled OMEIWU EVUUGO.
  1318 | D:2      | 1318 ||| READING scroll labelled VEFOIJ YJAD.
  1319 | D:2      | 1319 ||| READING scroll labelled DEWAYW DOEXI.
  1320 | D:2      | 1320 ||| DROPPING 2 scrolls of blinking.
  1452 | D:3      | Reached XP level 4. HP: 10/28 MP: 4/4
  1452 | D:3      | HP: 7/28 [jackal (3)]
  1688 | D:3      | Found a sparkling altar of Nemelex Xobeh.
  1688 | D:3      | Found a faded altar of an unknown god.
  1696 | D:3      | Found an ornate altar of the Wu Jian Council.
  1700 | D:3      | Found an ancient bone altar of Kikubaaqudgha.
  1702 | D:3      | Found a faded altar of an unknown god.
  2026 | D:3      | 2026 ||| READING scroll labelled BEUJUN HAGIHOY.
  2030 | D:3      | 2030 ||| DRINKING 3 glowing pink potions.
  2031 | D:3      | 2031 ||| DRINKING 3 fuming coppery potions.
  2032 | D:3      | 2032 ||| DROPPING 2 potions of enlightenment.
  2050 | D:4      | 2050 ||| PLANNING SEWER
  2066 | D:4      | Noticed an ogre
  2069 | D:4      | Slain by an ogre

Levels and vault maps discovered:
D:1:      dpeg_arrival_court, layout_loops_corners
D:2:      layout_rooms
D:3:      layout_loops_ring, chequers_temple_overflow_minitemple
D:4:      layout_basic, good_gods_temple_1, nicolae_sif_muna_condensation,
          minmay_temple_entry_mini_moons, portal_sewer_entry_e, uniq_natasha

Skill      XL: |  1  2  3 |
---------------+----------+-----
Ranged Weapons | 5 |  5.4
Fighting       | 3 |  3.0
Dodging        | |  1.5
Stealth        | |  1.1

Action                     |  1- 3 |  4- 6 || total
---------------------------+-------+-------++-------
   Fire: Shortbow          |    92 |    25 ||   117
    Use: Scroll            |     7 |     1 ||     8
         Potion            |       |     2 ||     2
 Armour: Leather armour    |    29 |     2 ||    31
  Dodge: Dodged            |    50 |     4 ||    54

Table legend:
 A = Non-vault XP
 B = Vault XP
 C = Vault XP percentage of total XP
 D = Non-vault monster count
 E = Vault monster count
 F = Vault count percentage of total count
                 A         B        C        D         E       F
            +---------+---------+-------+---------+---------+-------
      Total |     114 |       0 |   0.0 |      39 |       0 |   0.0
            +---------+---------+-------+---------+---------+-------
        D:1 |      16 |       0 |   0.0 |      10 |       0 |   0.0
        D:2 |      58 |       0 |   0.0 |      11 |       0 |   0.0
        D:3 |      38 |       0 |   0.0 |      17 |       0 |   0.0
        D:4 |       2 |       0 |   0.0 |       1 |       0 |   0.0
            +---------+---------+-------+---------+---------+-------
